 Dungeon Crawl Stone Soup version 0.15-a0-2374-gaadabb3 (webtiles) character file.

178496 MRaven the Brawler (level 17, -14/120 HPs)
             Began as a Troll Chaos Knight on July 31, 2014.
             Was a Plaything of Xom.
             Killed from afar by a hellion (20 damage)
             ... with a burst of hellfire
             ... on Level 1 of the Abyss on Aug 1, 2014.
             The game lasted 03:41:43 (34212 turns).

MRaven the Brawler (Troll Chaos Knight)            Turns: 34212, Time: 03:41:44

HP -14/120       AC 21     Str 24      XL: 17   Next: 57%
MP   0/4         EV 12     Int  4      God: Xom
Gold 2383        SH  0     Dex  6      Spells:  5 memorised,  4 levels left

rFire  + . .     SeeInvis .       - Unarmed
rCold  . . .     Rnd*Rage +     C - +2 robe {MR+}
rNeg   + . .     rCorr    +     (shield restricted)
rPois  .         rRot     .     g - +2 hat {Spirit}
rElec  .         Spirit   +     F - +0 cloak of the Cockroach {rF+}
SustAb .         Warding  .     (gloves unavailable)
rMut   .         Rnd*Tele +     (boots unavailable)
Gourm  +                        s - amulet of resist corrosion
MR     ++...                    i - cursed +4 ring of protection
                                q - ring of positive energy

@: very resistant to hostile enchantments, very unstealthy
A: unfitting armour, claws 3, fangs 1, iridescent scales 1, thin metallic scales
1, yellow scales 1, berserk 3, blink 1, blurry vision 3, breathe flames 2,
clumsy 2, deformed body, deterioration 3, dopey 2, fast metabolism 3, frail 3,
gourmand, low mp 2, sense surroundings 1, regeneration 2, saprovore 2, screaming
3, shaggy fur 1, teleportitis 2, tough skin 2, weak 2, no device heal 3, placid
magic 3
a: Blink, Renounce Religion, Breathe Fire


You were on level 1 of the Abyss.
You worshipped Xom.
You were a beloved toy of Xom.
You were very full.

You visited 4 branches of the dungeon, and saw 30 of its levels.
You visited the Abyss 1 time.
You also visited: Bailey and Volcano.

You collected 3778 gold pieces.
You spent 1395 gold pieces at shops.

Inventory:

Armour
 g - a +2 hat of spirit shield (worn)
 C - a +2 robe of magic resistance (worn)
 F - the +0 cloak of the Cockroach (worn) {rF+}
   (You found it on level 4 of the Lair of Beasts)

   It protects you from fire.
Magical devices
 f - a wand of random effects (4)
 k - a wand of digging (9)
 r - a wand of frost (3)
 w - a wand of teleportation (4)
 A - a wand of teleportation (0)
 Q - a wand of fire (0)
 Z - a wand of fire (5)
Comestibles
 a - 20 meat rations
 t - 2 slices of pizza
 v - 12 bread rations
 B - 5 rotting chunks of elf flesh
 G - 10 royal jellies
 P - 4 beef jerkies
 V - 22 fruits
Scrolls
 d - 6 scrolls of amnesia
 e - 24 scrolls of identify
 h - 9 scrolls of remove curse
 n - 4 scrolls of magic mapping
 o - 8 scrolls of teleportation
 p - 4 scrolls of blinking
 D - a scroll of silence
 H - 4 scrolls of fog
 O - 3 scrolls of enchant armour
 S - a scroll of recharging
Jewellery
 c - a cursed ring of see invisible
 i - a cursed +4 ring of protection (right claw)
 j - an uncursed ring of protection from cold
 q - a ring of positive energy (left claw)
 s - an amulet of resist corrosion (around neck)
 u - an uncursed amulet of stasis
 x - an uncursed ring of protection from fire
 y - a cursed ring of wizardry
 z - an uncursed ring of protection from cold
 K - a +2 ring of intelligence {unknown}
Potions
 m - a potion of curing
 E - 3 potions of magic
 J - 2 potions of brilliance
 M - a potion of might
 N - 2 potions of agility
 R - a potion of cancellation
 T - a potion of invisibility
 U - 2 potions of restore abilities
Books
 W - a book of Battle

   Spells                             Type                      Level
   Infusion                           Charms                       1
   Shroud of Golubria                 Charms/Translocation         2
   *Song of Slaying                   Charms                       2
   Spectral Weapon                    Hexes/Charms                 3
   *Regeneration                      Charms/Necromancy            3
Miscellaneous
 b - a sack of spiders {used: 6}
 I - a stone of tremors
 L - a lamp of fire


   Skills:
 + Level 12.0 Fighting
 + Level 11.8 Dodging
 * Level 19.5 Unarmed Combat
 + Level 8.6 Charms


You had 4 spell levels left.
You knew the following spells:

 Your Spells              Type           Power        Failure   Level  Hunger
a - Repel Missiles        Chrm/Air       #.....       1%          2    ###....
b - Swiftness             Chrm/Air       #.......     1%          2    ###....
c - Flight                Chrm/Air       #.........   4%          3    ####...
d - Regeneration          Chrm/Necr      #.........   4%          3    ####...
e - Song of Slaying       Chrm           #.......     0%          2    ###....


Dungeon Overview and Level Annotations

Branches:
Dungeon (15/15)            Temple (0/1) D:7             Orc (4/4) D:9
    Elf (3/3) Orc:4          Lair (8/8) D:11          Swamp (0/5) Lair:6
 Shoals (0/5) Lair:5       Spider (0/5) Lair:4        Slime (0/6) Lair:6
 Vaults (0/5) D:14         Depths (0/5) D:15

Altars:
Ashenzari
Cheibriados
Fedhas
Gozag
Kikubaaqudgha
Makhleb
Nemelex Xobeh
Okawaru
Sif Muna
Trog
Vehumet
Xom
Yredelemnul
Zin
The Shining One
Jiyva

Shops:
D:5 }**   Orc:1 (   Orc:3 %   Orc:4 ?![%   Elf:2 [


Innate Abilities, Weirdness & Mutations

You are too large for most types of armour.
You have claws for hands.
Your metabolism is lightning-fast.
You like to eat raw meat.
You heal very quickly.
You can eat rotten meat.
You are covered in fur (AC +1).
You have very tough skin (AC +2).
You have very sharp teeth.
You are partially covered in iridescent scales (AC +4).
You are partially covered in thin metallic scales (AC +2).
You are partially covered in yellow scales (AC +2).
You can translocate small distances at will.
You can breathe fire.
You passively map a small area around you.
[You have an uncontrollable temper.]
[Your vision is extremely blurry.]
[You are very clumsy. (Dex -4)]
[Armour fits poorly on your strangely shaped body.]
[Your body is rapidly deteriorating.]
[You are very dopey. (Int -4)]
[You are extremely frail (-30% HP).]
[Your magical capacity is very low (-20% MP).]
[You frequently scream uncontrollably at your foes.]
[Space sometimes distorts in your vicinity.]
[You are very weak. (Str -4)]
[Potions and wands cannot restore your health.]
[Your spells are much easier to cast, but much less powerful.]


Message History

A small abomination comes into view.
The thrashing horror roars!
The thrashing horror tramples you but does no damage. x2
The thrashing horror tramples you.
* * * LOW HITPOINT WARNING * * *
You hold your ground!
The thrashing horror closely misses you.
The small abomination stops moving altogether!
The thrashing horror closely misses you.
The thrashing horror tramples you but does no damage.
The hellion gestures at you.
The hellfire explodes!
The burst of hellfire engulfs you!
* * * LOW HITPOINT WARNING * * *
Xom roars with laughter!
The thrashing horror closely misses you. x2
The thrashing horror roars!
The hellion gestures at you.
The hellfire explodes!
The burst of hellfire engulfs you!
You die...
Xom is highly amused!

... #.....# ....#. ...
....... ...... ... ?
#..... ....#....X #. #...
...## ...# ##. ##.##
##.## ##.## ##...
##...###...###.. #
.#.....#.....#.....#.....
........@.X..2x..........
.#.....#...5.#xX3..#.....
##... ##...###.. ###...#
##. ##.## ##.## ##.# #.
#... ##...###...# .
#.....#.... #... .
..###...## ...###. ..
#.... #.....# . . ....
... ...


You could see a thrashing horror, a large abomination, a hellion, a neqoxec, 2
small abominations and a quasit.

Vanquished Creatures
  A deep elf blademaster (Elf:3)
  Kirke (D:15)
  A deep elf sorcerer (Elf:3)
  An orc warlord (Elf:2)
  Maud (Lair:6)
  Gastronok (D:9)
  3 deep elf annihilators (Elf:3)
  A deep elf death mage (Elf:3)
  A deep elf high priest (Elf:3)
  A fire dragon (D:15)
  Harold (D:15)
  2 ice dragons
  Nessos (D:12)
  7 hydras
  Erica (Lair:2)
  7 centaur warriors
  A deep troll shaman (Lair:8)
  5 death yaks
  The ghost of onwiheg the Tortoise, an experienced MiFi of Okawaru (D:9)
  Urug (Elf:1)
  4 orc high priests
  2 catoblepae
  8 deep elf knights
  A shadow wraith (D:14)
  An iron troll (D:14)
  5 skeletal warriors (D:15)
  2 lindwurms
  A large abomination (Abyss:1)
  An unseen horror (D:10)
  An orb spider (shapeshifter) (D:15)
  11 deep elf summoners
  A swamp dragon (shapeshifter) (D:15)
  2 harpies (D:15)
  11 deep elf conjurers
  5 ugly things
  3 oklob plants (Lair:2)
  5 orc sorcerers (Orc:4)
  2 griffons
  7 orc knights
  A faun (Orc:4)
  2 cyclopes
  3 manticores
  11 slime creatures
  A guardian serpent (Lair:4)
  2 sixfirhies (Orc:4)
  3 black mambas
  2 centaur zombies
  7 elephants
  An item mimic (Lair:2)
  A molten gargoyle (Volcano)
  An iron devil (Orc:4)
  7 komodo dragons
  5 spiny frogs
  3 gargoyles
  3 demonic crawlers
  6 deep elf priests
  Grinder (D:6)
  12 blink frogs
  2 trolls
  A fire vortex (Volcano)
  2 jumping spiders (shapeshifter)
  2 polar bears
  A polar bear (shapeshifter) (Elf:1)
  A jumping spider (Elf:1)
  A raven (shapeshifter) (D:14)
  3 two-headed ogres
  A tarantella (Elf:2)
  2 wraiths
  2 basilisks
  A tarantella (shapeshifter) (D:14)
  A trapdoor spider (shapeshifter) (Elf:3)
  A shadow (D:11)
  4 redbacks
  2 wyverns
  A fire elemental (Lair:7)
  19 deep elf magi
  8 hogs
  38 yaks
  Eustachio (D:8)
  4 golden eyes (Abyss:1)
  3 hungry ghosts
  A steam dragon (D:13)
  A chaos spawn (Abyss:1)
  A human (D:10)
  8 hippogriffs
  29 wolves
  21 deep elf fighters
  A naga (Lair:4)
  4 spatial vortices (Orc:2)
  Edmund (D:8)
  A hill giant skeleton (D:10)
  13 water moccasins
  The ghost of casual the Digger, an average OpTm (D:4)
  12 vampire mosquitoes
  2 soldier ants (D:15)
  3 wargs
  A mottled dragon (D:15)
  7 porcupines
  A spider (Lair:7)
  32 orc warriors
  A yellow wasp (D:10)
  3 ice beasts
  2 black bears
  A manticore zombie (D:13)
  6 ogres
  5 phantoms
  15 centaurs
  3 boring beetles (D:11)
  A necrophage (D:10)
  4 sky beasts
  15 crocodiles
  3 big kobolds
  16 giant frogs
  A yaktaur zombie (D:15)
  Blork the orc (D:4)
  A brain worm (D:13)
  An earth elemental (Volcano)
  2 insubstantial wisps (Lair:2)
  9 killer bees
  An eye of draining (D:13)
  A killer bee (shapeshifter) (D:5)
  A troll zombie (D:10)
  3 scorpions
  13 wights
  An electric eel (Lair:2)
  A troll skeleton (D:13)
  A quasit (Abyss:1)
  A boring beetle zombie (D:15)
  A goliath beetle (D:6)
  9 hounds
  5 crimson imps
  2 iron imps
  10 jellies
  25 orc priests
  An elf skeleton (D:7)
  8 iguanas
  2 centaur skeletons
  27 orc wizards
  10 worker ants
  5 orange rats
  11 sheep
  A mummy (D:12)
  A big kobold skeleton (D:10)
  A worker ant zombie (D:9)
  44 green rats
  7 orc zombies (Orc:4)
  24 adders
  14 gnolls
  2 shadow imps
  3 white imps
  3 worms
  An ufetubus (Orc:4)
  An orc skeleton (D:4)
  5 giant geckos
  19 oozes
  169 orcs
  8 giant cockroaches
  24 goblins
  33 hobgoblins
  10 jackals
  27 kobolds
  4 ball pythons
  12 bats
  7 giant newts
  A giant spore (D:10)
  A kobold skeleton (D:6)
  10 quokkas
  A quokka skeleton (D:5)
  13 rats
  A rat skeleton (D:8)
  A butterfly (Lair:8)
  A fungus (Lair:3)
  2 plants
1105 creatures vanquished.

Vanquished Creatures (collateral kills)
  A hydra (Lair:5)
  2 death yaks (Lair:3)
  Nergalle (D:12)
  A hill giant (D:10)
  A lindwurm (Bailey)
  2 orc sorcerers (Orc:4)
  2 orc knights (Orc:4)
  A black mamba (Lair:3)
  A troll (D:10)
  Prince Ribbit (D:9)
  A hippogriff (D:10)
  A small abomination (Abyss:1)
  2 orc warriors (Orc:4)
  A giant frog (D:8)
  3 killer bees (D:8)
  A crimson imp (D:4)
  A jelly (Lair:3)
  2 spectral orcs (D:12)
  An orc wizard (D:12)
  2 gnolls (Bailey)
  An adder (D:2)
  2 orc zombies (Orc:4)
  3 orcs (Orc:4)
  A bat (D:4)
  3 goblins
  A hobgoblin (D:10)
  5 kobolds (Bailey)
  A goblin zombie (Orc:4)
  A rat (D:6)
46 creatures vanquished.

Vanquished Creatures (others)
  A deep elf knight (Elf:1)
  A komodo dragon (Lair:7)
  A water moccasin (Lair:7)
  7 spiders
  A lost soul (Elf:3)
  A crocodile (Lair:7)
  5 quasits
  2 crimson imps
  An orc wizard (Orc:4)
  4 iron imps
  3 orange rats (Elf:1)
  3 shadow imps
  2 giant mites
  3 white imps
  2 ufetubi
  4 butterflies
  11 fungi
  A plant (Lair:7)
  3 starspawn tentacles (Abyss:1)
  388 starspawn tentacle segments (Abyss:1)
444 creatures vanquished.

Grand Total: 1595 creatures vanquished

Notes
Turn   | Place    | Note
--------------------------------------------------------------
     0 | D:1      | MRaven, the Troll Chaos Knight, began the quest for the Orb.
     0 | D:1      | Reached XP level 1. HP: 22/22 MP: 1/1
   222 | D:1      | XOM: divination: detect items
   301 | D:1      | Reached XP level 2. HP: 29/29 MP: 1/1
   549 | D:1      | XOM: give mutation
   549 | D:1      | Gained mutation: Your skin changes colour to match your surroundings (Stealth). [Xom's grace]
   600 | D:1      | XOM: mild Conj miscast
   906 | D:1      | XOM: colour smoke trail
   909 | D:1      | XOM: noise
   961 | D:2      | XOM is BORED!
   961 | D:2      | XOM: give mutations
   961 | D:2      | Gained mutation: [You are dopey. (Int -2)] [Xom's mischief]
   961 | D:2      | Gained mutation: You are robust (+10% HP). [Xom's mischief]
   961 | D:2      | Lost mutation: Your skin changes colour to match your surroundings (Stealth). [Xom's mischief]
  1035 | D:2      | Reached XP level 3. HP: 39/39 MP: 2/2
  1138 | D:2      | XOM: summons 3 friendly demons
  1160 | D:2      | XOM: medium Chrm miscast
  1174 | D:2      | XOM: colour smoke trail
  1232 | D:2      | Found an ancient bone altar of Kikubaaqudgha.
  1246 | D:2      | Found a blossoming altar of Fedhas.
  1252 | D:2      | Found a deep blue altar of Sif Muna.
  1332 | D:2      | Found a radiant altar of Vehumet.
  1335 | D:2      | Found a basalt altar of Yredelemnul.
  1337 | D:2      | Found a shattered altar of Ashenzari.
  1455 | D:2      | XOM: mild Trmt miscast
  1696 | D:3      | Found an iron altar of Okawaru.
  1738 | D:3      | XOM: silly message
  1801 | D:3      | Reached skill level 4 in Unarmed Combat
  1801 | D:3      | Reached XP level 4. HP: 41/48 MP: 2/2
  1837 | D:3      | XOM: noise
  1881 | D:3      | XOM: god gift: ring mail {god gift}
  1937 | D:3      | Found a glowing golden altar of the Shining One.
  2016 | D:3      | XOM: divination: detect creatures
  2079 | D:3      | Found a sparkling altar of Nemelex Xobeh.
  2195 | D:3      | XOM: summons friendly white imp
  2326 | D:4      | XOM: summons 1 hostile demon
  2417 | D:4      | Noticed Blork the orc
  2423 | D:4      | XOM: confuse monster(s)
  2434 | D:4      | XOM: summons 4 friendly demons
  2438 | D:4      | Killed Blork the orc
  2438 | D:4      | Reached XP level 5. HP: 33/58 MP: 2/2
  2536 | D:4      | Reached skill level 5 in Unarmed Combat
  2606 | D:4      | Noticed casual's ghost (average OpTm)
  2846 | D:4      | Reached XP level 6. HP: 67/67 MP: 3/3
  2871 | D:4      | XOM: scenery: create altars
  2929 | D:4      | Noticed a phantom
  2940 | D:4      | Killed a phantom
  3047 | D:4      | XOM: god gift: runed hat {god gift}
  3322 | D:4      | XOM: give mutations
  3322 | D:4      | Gained mutation: You have large cloven feet. [Xom's grace]
  3322 | D:4      | Gained mutation: You are partially covered in iridescent scales (AC +4). [Xom's grace]
  3480 | D:4      | Killed casual's ghost
  3610 | D:5      | Entered Level 5 of the Dungeon
  3610 | D:5      | Found Qauxa Sutt's Gadget Emporium.
  3615 | D:5      | Reached skill level 6 in Unarmed Combat
  3639 | D:5      | XOM: stat loss: -1 Str (22/23)
  3760 | D:5      | Reached XP level 7. HP: 66/77 MP: 3/3
  3809 | D:5      | XOM: swap monsters
  3877 | D:5      | XOM: vitrification
  4002 | D:5      | Found Dasofawk's General Store.
  4131 | D:5      | Found Kekhuh's Assorted Antiques.
  4138 | D:5      | Bought a potion of heal wounds for 78 gold pieces
  4138 | D:5      | Bought a runed garnet ring for 130 gold pieces
  4140 | D:5      | Lost mutation: You have large cloven feet. [potion of cure mutation]
  4140 | D:5      | Lost mutation: You are robust (+10% HP). [potion of cure mutation]
  4140 | D:5      | Lost mutation: [You are dopey. (Int -2)] [potion of cure mutation]
  4258 | D:5      | XOM: cast spell 'Dragon Form'
  4263 | D:5      | XOM: give mutation
  4263 | D:5      | Gained mutation: You are partially covered in thin metallic scales (AC +2). [Xom's grace]
  4405 | D:5      | XOM: polymorph jackal -> bat
  4412 | D:5      | XOM: god gift: scale mail {god gift}
  4442 | D:5      | XOM: god gift: 6 meat rations
  4634 | D:5      | XOM: divination: detect creatures
  4786 | D:6      | Reached skill level 7 in Unarmed Combat
  4809 | D:6      | XOM: harmless Ice miscast
  4910 | D:6      | Reached XP level 8. HP: 76/79 MP: 3/3
  4926 | D:6      | XOM: mild Trmt miscast
  4946 | D:6      | XOM: potion effect (berserk rage)
  5010 | D:6      | XOM: divination: detect items
  5139 | D:6      | XOM: vitrification
  5160 | D:6      | Noticed Grinder
  5161 | D:6      | Paralysed by Grinder for 4 turns
  5162 | D:6      | XOM: summons 7 friendly demons
  5173 | D:6      | Killed Grinder
  5173 | D:6      | Reached skill level 5 in Fighting
  5173 | D:6      | Reached skill level 8 in Unarmed Combat
  5253 | D:6      | Found a snail-covered altar of Cheibriados.
  5780 | D:7      | XOM: god gift: smoky green potion
  5782 | D:7      | Reached skill level 5 in Dodging
  5928 | D:7      | Found a staircase to the Ecumenical Temple.
  6106 | D:7      | Reached XP level 9. HP: 81/88 MP: 4/4
  6201 | D:7      | Reached skill level 9 in Unarmed Combat
  6379 | D:7      | XOM: 3-stop teleportation journey
  6574 | D:7      | XOM: blink monster(s)
  6675 | D:7      | XOM: stat loss: -1 Dex (9/10)
  6886 | D:7      | XOM: severe Trmt miscast
  6886 | D:7      | Gained mutation: [Your magical capacity is low (-10% MP).] [the severe capriciousness of Xom]
  6886 | D:7      | Gained mutation: [You are frail (-10% HP).] [the severe capriciousness of Xom]
  6969 | D:7      | XOM: give mutations
  6969 | D:7      | Gained mutation: [Your magical capacity is very low (-20% MP).] [Xom's mischief]
  6969 | D:7      | Lost mutation: [Your magical capacity is very low (-20% MP).] [Xom's mischief]
  6969 | D:7      | Gained mutation: [You are weak. (Str -2)] [Xom's mischief]
  7013 | D:8      | XOM: cast spell 'Summon Butterflies'
  7159 | D:8      | Found a glowing silver altar of Zin.
  7197 | D:8      | Noticed Edmund
  7211 | D:8      | Killed Edmund
  7280 | D:8      | Noticed Eustachio
  7290 | D:8      | XOM: give mutation
  7290 | D:8      | Gained mutation: You passively map a small area around you. [Xom's grace]
  7292 | D:8      | Killed Eustachio
  7292 | D:8      | Reached skill level 10 in Unarmed Combat
  7555 | D:8      | XOM: give mutations
  7555 | D:8      | Gained mutation: You have a beak for a mouth. [Xom's grace]
  7555 | D:8      | Lost mutation: [Your magical capacity is low (-10% MP).] [Xom's grace]
  7555 | D:8      | Gained mutation: You have a pair of small horns on your head. [Xom's grace]
  7760 | D:9      | Found an opulent altar of Gozag.
  7816 | D:9      | XOM: give mutations
  7816 | D:9      | Lost mutation: [You are weak. (Str -2)] [Xom's grace]
  7816 | D:9      | Gained mutation: Your mind is acute. (Int +2) [Xom's grace]
  7816 | D:9      | Gained mutation: You have large cloven feet. [Xom's grace]
  7913 | D:9      | Noticed onwiheg's ghost (experienced MiFi)
  7924 | D:9      | Killed onwiheg's ghost
  7924 | D:9      | Reached XP level 10. HP: 86/90 MP: 4/4
  8023 | D:9      | Noticed Prince Ribbit
  8029 | D:9      | XOM: summons 4 friendly demons
  8035 | D:9      | Killed Prince Ribbit
  8078 | D:9      | Noticed Gastronok
  8083 | D:9      | Gained mutation: Your flesh is cold resistant. [potion of mutation]
  8083 | D:9      | Gained mutation: You can breathe flames. [potion of mutation]
  8085 | D:9      | XOM: potion effect (haste)
  8101 | D:9      | Killed Gastronok
  8101 | D:9      | Reached skill level 11 in Unarmed Combat
  8301 | D:9      | Found a staircase to the Orcish Mines.
  8348 | D:10     | Entered Level 10 of the Dungeon
  8348 | D:10     | XOM: summons 10 friendly demons
  8414 | D:10     | Noticed a hill giant
  8417 | D:10     | Gained mutation: You are partially covered in yellow scales (AC +2). [potion of beneficial mutation]
  8422 | D:10     | Killed a hill giant
  8444 | D:10     | Found a flagged portal.
  8448 | D:10     | XOM: god gift: 53 gold pieces
  8449 | Bailey   | Entered a bailey
  8464 | Bailey   | XOM: scenery: 1 doors open, 2 doors close
  8471 | Bailey   | XOM: 3-stop teleportation journey
  8686 | Bailey   | Noticed an orc knight
  8688 | Bailey   | XOM: summons 3 friendly demons
  8692 | Bailey   | XOM: swap monsters
  8708 | Bailey   | Noticed a lindwurm
  8708 | Bailey   | an orc knight changed into a lindwurm
  8708 | Bailey   | XOM: polymorph orc knight -> lindwurm
  8712 | Bailey   | Killed a lindwurm
  8712 | Bailey   | Reached skill level 12 in Unarmed Combat
  8850 | D:10     | Reached skill level 14 in Unarmed Combat
  8850 | D:10     | Reached XP level 11. HP: 98/98 MP: 4/4
  9077 | D:10     | XOM: polymorph yak -> human
  9134 | D:10     | XOM: god gift: hardcover book {god gift}
  9140 | D:10     | Learned a level 2 spell: Repel Missiles
  9145 | D:10     | Learned a level 2 spell: Swiftness
  9199 | D:10     | Noticed a cyclops
  9208 | D:10     | XOM: polymorph sheep -> iguana
  9218 | D:10     | Killed a cyclops
  9218 | D:10     | Reached XP level 12. HP: 99/107 MP: 3/5
  9500 | D:10     | XOM: cast spell 'Statue Form'
  9517 | D:10     | Killed an unseen horror
  9697 | D:11     | XOM: stealth player
  9718 | D:11     | XOM: 6-stop teleportation journey
  9754 | D:11     | XOM: harmless Pois miscast
  9826 | D:11     | Reached skill level 1 in Charms
  9925 | D:11     | XOM: noise
  9996 | D:11     | XOM: mild Conj miscast
 10207 | D:11     | Noticed a five-headed hydra
 10207 | D:11     | XOM: blink monster(s)
 10224 | D:11     | XOM: swap monsters
 10238 | D:11     | Killed a seven-headed hydra
 10238 | D:11     | Reached skill level 15 in Unarmed Combat
 10331 | D:11     | Found a staircase to the Lair.
 10652 | D:11     | XOM: god gift: glowing animal skin {god gift}
 10697 | D:11     | XOM: swap monsters
 10883 | D:11     | XOM: medium Pois miscast
 11161 | D:11     | XOM: medium Necr miscast
 11295 | D:12     | XOM: summons 5 hostile shadow creatures
 11423 | D:12     | XOM: 3-stop teleportation journey
 11424 | D:12     | XOM: mild Erth miscast
 11573 | D:12     | Noticed Nessos
 11580 | D:12     | Killed Nessos
 11643 | D:12     | XOM: summons 2 friendly demons
 11763 | D:12     | XOM: potion effect (invisibility)
 11798 | D:12     | Noticed Nergalle
 11816 | D:12     | XOM: summons 3 friendly demons
 11819 | D:12     | XOM: cast spell 'Summon Ice Beast'
 11828 | D:12     | XOM: noise
 11860 | D:12     | Killed Nergalle
 12146 | D:12     | XOM: colour smoke trail
 12190 | D:12     | XOM: enchant monster (good)
 12410 | Lair:1   | Entered Level 1 of the Lair of Beasts
 12478 | Lair:1   | XOM: potion effect (haste)
 12486 | Lair:1   | XOM: summons friendly iron imp
 12660 | Lair:1   | XOM: noise
 12772 | Lair:1   | XOM: mild Summ miscast
 12799 | Lair:1   | XOM: silly message
 12922 | Lair:1   | XOM: mild Chrm miscast
 13126 | Lair:1   | XOM: colour smoke trail
 13212 | Lair:1   | XOM: divination: detect creatures
 13322 | Lair:1   | XOM: harmless Necr miscast
 13651 | Lair:2   | You fall through a shaft for 2 floors!
 13662 | Lair:3   | XOM: harmless Hex miscast
 13665 | Lair:3   | Reached XP level 13. HP: 103/117 MP: 5/5
 13805 | Lair:3   | XOM: cast spell 'Olgreb's Toxic Radiance'
 13810 | Lair:3   | Found a dark tunnel.
 13811 | Lair:3   | XOM: enchant monster (bad)
 13817 | Lair:3   | XOM: confuse monster(s)
 13870 | Volcano  | Entered a volcano
 13909 | Volcano  | Reached skill level 16 in Unarmed Combat
 13913 | Volcano  | XOM: mild Divn miscast
 14116 | Lair:3   | XOM: summons friendly shadow imp
 14128 | Lair:3   | XOM: potion effect (haste)
 14355 | Lair:3   | XOM: 3-stop teleportation journey
 14423 | Lair:3   | XOM: swap monsters
 14425 | Lair:3   | XOM: summons friendly shadow imp
 14429 | Lair:3   | XOM: harmless Summ miscast
 14943 | Lair:2   | XOM: potion effect (haste)
 14956 | Lair:2   | XOM: 2-stop teleportation journey
 14988 | Lair:2   | XOM: harmless Hex miscast
 14989 | Lair:2   | XOM: divine lightning
 15172 | Lair:2   | Identified the Grimoire of Arcane Weapons and Envenoming
 15223 | Lair:2   | Noticed Erica
 15233 | Lair:2   | Killed Erica
 15688 | Lair:2   | XOM: confusion
 15699 | Lair:2   | XOM: confusion
 15761 | Lair:2   | XOM: medium Pois miscast
 15774 | Lair:4   | Found a hole to the Spider Nest.
 15801 | Lair:4   | Noticed an eight-headed hydra
 15814 | Lair:4   | XOM: divination: detect items
 15943 | Lair:4   | Killed a 13-headed hydra
 16120 | Lair:4   | XOM: give mutations
 16120 | Lair:4   | Gained mutation: You can breathe fire. [Xom's grace]
 16120 | Lair:4   | Gained mutation: Your muscles are strong. (Str +2) [Xom's grace]
 16141 | Lair:4   | XOM: harmless Fire miscast
 16230 | Lair:4   | XOM: divination: detect creatures
 16241 | Lair:4   | XOM: summons 4 friendly demons
 16244 | Lair:4   | XOM: god gift: stone of tremors
 16310 | Lair:4   | Got a polished cloak
 16340 | Lair:4   | Identified the +0 cloak of the Cockroach {rF+} (You found it on level 4 of the Lair of Beasts)
 16357 | Lair:4   | XOM: 5-stop teleportation journey
 16370 | Lair:4   | XOM: polymorph crocodile -> naga
 16622 | Lair:4   | XOM: god gift: 570 gold pieces
 16623 | Lair:4   | XOM: polymorph elephant -> guardian serpent
 16846 | Lair:5   | XOM: divination: detect creatures
 16993 | Lair:5   | XOM: 8-stop teleportation journey
 17024 | Lair:5   | XOM: potion effect (agility)
 17063 | Lair:5   | XOM: enchant monster (good)
 17191 | Lair:5   | XOM: vitrification
 17490 | Lair:5   | Found a staircase to the Shoals.
 17500 | Lair:5   | XOM: vitrification
 18123 | Lair:5   | XOM: scenery: create altars
 18135 | Lair:6   | XOM: noise
 18135 | Lair:6   | Found a viscous altar of Jiyva.
 18135 | Lair:6   | Found a staircase to the Slime Pits.
 18269 | Lair:6   | XOM: summons 6 hostile demons
 18278 | Lair:6   | XOM: enchant monster (good)
 18376 | Lair:6   | XOM: confusion (+ monsters)
 18474 | Lair:6   | Reached XP level 14. HP: 96/126 MP: 3/5
 18653 | Lair:6   | Noticed Maud
 18653 | Lair:6   | XOM: enchant monster (bad)
 18656 | Lair:6   | XOM: draining
 18682 | Lair:6   | Killed Maud
 18682 | Lair:6   | Reached skill level 17 in Unarmed Combat
 18892 | Lair:6   | Found a staircase to the Swamp.
 19049 | Lair:7   | XOM: confuse monster(s)
 19095 | Lair:7   | XOM: enchant monster (bad)
 19159 | Lair:6   | XOM: mild Summ miscast
 19359 | Lair:7   | XOM: blink monster(s)
 19440 | Lair:7   | XOM: vitrification
 19515 | Lair:7   | XOM: 5-stop teleportation journey
 19580 | Lair:7   | XOM: confuse monster(s)
 19682 | Lair:7   | XOM: silly message
 19802 | Lair:7   | XOM: vitrification
 20025 | Lair:8   | Entered Level 8 of the Lair of Beasts
 20232 | Lair:8   | XOM: enchant monster (good)
 20238 | Lair:8   | XOM: mild Fire miscast
 20442 | Lair:8   | Reached skill level 5 in Charms
 20443 | Lair:8   | Reached skill level 10 in Fighting
 20572 | Lair:8   | Reached skill level 10 in Dodging
 20746 | Lair:8   | XOM: harmless Hex miscast
 20815 | Lair:8   | XOM is BORED!
 20815 | Lair:8   | XOM: stat loss: -3 Dex (7/10)
 20853 | Lair:8   | XOM: harmless Chrm miscast
 20870 | Lair:8   | XOM: divination: magic mapping
 20937 | Lair:8   | XOM: potion effect (invisibility)
 20991 | Lair:8   | XOM: harmless Fire miscast
 21013 | Lair:8   | XOM: mild Erth miscast
 21135 | Lair:8   | XOM: medium Hex miscast
 21525 | Lair:8   | XOM: vitrification
 21601 | Lair:8   | XOM: god gift: gnarled smoking rod {god gift}
 21604 | Lair:8   | XOM: god gift: 21 stones
 21909 | Lair:8   | Learned a level 3 spell: Flight
 21999 | Lair:8   | XOM: cast spell 'Spider Form'
 22282 | Lair:1   | XOM: harmless Ice miscast
 22422 | D:13     | XOM: divination: magic mapping
 22667 | D:13     | XOM: mild Tloc miscast
 22669 | D:13     | XOM: noise
 22747 | D:13     | XOM: polymorph black bear -> hog
 22763 | D:13     | XOM: noise
 23235 | D:13     | XOM: noise
 23568 | D:14     | Found a bloodstained altar of Trog.
 23694 | D:14     | XOM: harmless Erth miscast
 23748 | D:14     | XOM: enchant monster (bad)
 23916 | D:14     | XOM: medium Hex miscast
 23953 | D:14     | Found a gate to the Vaults.
 24049 | D:14     | Reached XP level 15. HP: 129/136 MP: 4/6
 24054 | D:14     | Reached skill level 18 in Unarmed Combat
 24117 | D:14     | XOM: colour smoke trail
 24227 | D:15     | Entered Level 15 of the Dungeon
 24229 | D:15     | XOM: harmless Ice miscast
 24337 | D:15     | XOM: harmless Necr miscast
 24341 | D:15     | XOM: confuse monster(s)
 24489 | D:15     | Noticed Kirke
 24496 | D:15     | XOM: harmless Hex miscast
 24510 | D:15     | Noticed a sphinx
 24519 | D:15     | Killed Kirke
 24758 | D:15     | Learned a level 3 spell: Regeneration
 24837 | D:15     | XOM: silly message
 24931 | D:15     | XOM: cast spell 'Blink'
 25002 | D:15     | Found a staircase to the Depths.
 25046 | D:15     | Noticed Harold
 25051 | D:15     | Killed Harold
 25358 | D:15     | Paralysed by a red wasp for 4 turns
 25364 | D:15     | Paralysed by a red wasp for 3 turns
 25510 | D:15     | XOM: harmless Erth miscast
 25566 | D:15     | XOM: torment (79/137 hp)
 25690 | D:15     | XOM: medium Tloc miscast
 25855 | D:15     | XOM: medium Hex miscast
 26084 | D:11     | XOM: silly message
 26101 | D:11     | XOM: medium Fire miscast
 26190 | Orc:1    | Entered Level 1 of the Orcish Mines
 26190 | Orc:1    | Found Pax Ebbi's Weapon Shop.
 26284 | Orc:1    | XOM: give mutations
 26284 | Orc:1    | Lost mutation: Your muscles are strong. (Str +2) [Xom's mischief]
 26284 | Orc:1    | Lost mutation: You have a pair of small horns on your head. [Xom's mischief]
 26284 | Orc:1    | Lost mutation: [You are frail (-10% HP).] [Xom's mischief]
 26284 | Orc:1    | Lost mutation: Your mind is acute. (Int +2) [Xom's mischief]
 26450 | Orc:1    | Found a shimmering altar of Xom.
 26621 | Orc:1    | XOM: severe Necr miscast
 26981 | Orc:2    | XOM: summons 3 hostile shadow creatures
 27198 | Orc:2    | You fall through a shaft for 2 floors!
 27198 | Orc:4    | Entered Level 4 of the Orcish Mines
 27198 | Orc:4    | Found a staircase to the Elven Halls.
 27395 | Orc:3    | Found Copaq's Food Shop.
 27600 | Orc:2    | XOM: medium Chrm miscast
 28100 | Orc:2    | XOM is BORED!
 28100 | Orc:2    | XOM: medium Summ miscast
 28120 | Orc:2    | XOM: stat loss: -1 Str (27/28)
 28505 | Orc:3    | XOM: give mutations
 28505 | Orc:3    | Gained mutation: [You are weak. (Str -2)] [Xom's mischief]
 28505 | Orc:3    | Lost mutation: [You are weak. (Str -2)] [Xom's mischief]
 28695 | Orc:3    | XOM: potion effect (agility)
 28788 | Orc:3    | XOM: vitrification
 28935 | Orc:4    | XOM: god gift: 58 gold pieces
 29223 | Orc:4    | XOM: 2-stop teleportation journey
 29398 | Orc:4    | XOM: god gift: short sword {god gift}
 29414 | Orc:4    | XOM: 7-stop teleportation journey
 29442 | Orc:4    | XOM: god gift: scroll of recharging
 29574 | Orc:4    | XOM: scenery: create altars
 29636 | Orc:4    | Found Khifuira's Magic Scroll Boutique.
 29640 | Orc:4    | XOM: summons 3 friendly demons
 29661 | Orc:4    | XOM: polymorph orc high priest -> faun
 29681 | Orc:4    | XOM: summons friendly quasit
 29702 | Orc:4    | XOM: confuse monster(s)
 29766 | Orc:4    | XOM: colour smoke trail
 29823 | Orc:4    | Found Secatia's Antique Armour Shoppe.
 29835 | Orc:4    | Found Waachaeg's Food Shoppe.
 29837 | Orc:4    | Found Nueggien's Distillery.
 29854 | Orc:4    | Bought a potion of agility for 30 gold pieces
 29854 | Orc:4    | Bought a potion of haste for 84 gold pieces
 29854 | Orc:4    | Bought a potion of beneficial mutation for 420 gold pieces
 29854 | Orc:4    | Bought a potion of might for 30 gold pieces
 29854 | Orc:4    | Bought a potion of restore abilities for 36 gold pieces
 29854 | Orc:4    | Bought a potion of restore abilities for 36 gold pieces
 29892 | Orc:4    | Gained mutation: You can translocate small distances at will. [potion of beneficial mutation]
 29944 | Orc:4    | Bought a scroll of blinking for 127 gold pieces
 29944 | Orc:4    | Bought a scroll of teleportation for 51 gold pieces
 29944 | Orc:4    | Bought a scroll of fog for 34 gold pieces
 29944 | Orc:4    | Bought a scroll of teleportation for 51 gold pieces
 29944 | Orc:4    | Bought a scroll of magic mapping for 59 gold pieces
 29944 | Orc:4    | Bought a scroll of silence for 127 gold pieces
 29944 | Orc:4    | Bought a scroll of teleportation for 51 gold pieces
 29944 | Orc:4    | Bought a scroll of teleportation for 51 gold pieces
 30015 | Elf:1    | Entered Level 1 of the Elven Halls
 30140 | Elf:1    | XOM: 2-stop teleportation journey
 30142 | Elf:1    | XOM: swap monsters
 30279 | Elf:1    | Noticed Urug
 30287 | Elf:1    | Killed Urug
 30329 | Elf:1    | Learned a level 2 spell: Song of Slaying
 30378 | Elf:1    | XOM: 1-stop teleportation journey
 30423 | Elf:1    | XOM: swap monsters
 30563 | Elf:1    | XOM: swap monsters
 30913 | Elf:1    | XOM: summons friendly iron imp
 31123 | Elf:1    | XOM: swap monsters
 31124 | Elf:1    | XOM: divine lightning
 31252 | Elf:2    | XOM: polymorph deep elf conjurer -> tarantella
 31265 | Elf:2    | Reached XP level 16. HP: 148/163 MP: 6/6
 31388 | Elf:2    | XOM: swap monsters
 31740 | Elf:2    | XOM: confuse monster(s)
 31743 | Elf:2    | Reached skill level 19 in Unarmed Combat
 31751 | Elf:2    | XOM: enchant monster (good)
 31877 | Elf:2    | XOM: give mutations
 31877 | Elf:2    | Lost mutation: You have a beak for a mouth. [Xom's mischief]
 31877 | Elf:2    | Gained mutation: You have very sharp teeth. [Xom's mischief]
 31877 | Elf:2    | Gained mutation: [You are clumsy. (Dex -2)] [Xom's mischief]
 31877 | Elf:2    | Lost mutation: You have large cloven feet. [Xom's mischief]
 31877 | Elf:2    | Lost mutation: Your flesh is cold resistant. [Xom's mischief]
 31879 | Elf:2    | XOM: repel stairs
 31884 | Elf:2    | XOM: enchant monster (bad)
 32087 | Elf:2    | XOM: polymorph orange rat -> giant frog
 32100 | Elf:2    | XOM: 4-stop teleportation journey
 32175 | Elf:2    | XOM: silly message
 32268 | Elf:2    | XOM: chaos upgrade
 32285 | Elf:2    | XOM: confuse monster(s)
 32463 | Elf:2    | XOM: vitrification
 32475 | Elf:2    | Found Thripho's Armour Shoppe.
 32635 | Elf:3    | Entered Level 3 of the Elven Halls
 32636 | Elf:3    | XOM: confusion
 32638 | Elf:3    | XOM: medium Chrm miscast
 32710 | Elf:3    | XOM: confuse monster(s)
 32825 | Elf:3    | XOM: 1-stop teleportation journey
 32847 | Elf:3    | Found a burning altar of Makhleb.
 33062 | Elf:3    | Noticed a deep elf blademaster
 33067 | Elf:3    | Noticed a deep elf blademaster
 33069 | Elf:3    | XOM: summons 3 friendly demons
 33086 | Elf:3    | XOM: summons friendly quasit
 33088 | Elf:3    | Killed a deep elf blademaster
 33091 | Elf:3    | XOM: potion effect (brilliance)
 33098 | Elf:3    | XOM: confusion
 33112 | Elf:3    | XOM: summons 2 friendly demons
 33126 | Elf:3    | XOM: enchant monster (good)
 33234 | Elf:2    | XOM: silly message
 33290 | Elf:2    | XOM: harmless Fire miscast
 33325 | Elf:3    | XOM: mild Ice miscast
 33346 | Elf:3    | Paralysed by a red wasp for 3 turns
 33348 | Elf:3    | XOM: blink monster(s)
 33442 | Elf:3    | XOM: cast spell 'Monstrous Menagerie'
 33579 | Elf:3    | XOM: medium Trmt miscast
 33732 | Elf:3    | XOM: mild Conj miscast
 33770 | Elf:3    | XOM: divination: detect creatures
 33786 | Elf:3    | XOM: divination: detect items
 33921 | Elf:3    | XOM: cast spell 'Ice Form'
 34003 | Elf:3    | XOM: harmless Pois miscast
 34006 | Elf:3    | Cast into the Abyss (deep elf sorcerer)
 34045 | Abyss:1  | Found a corrupted altar of Lugonu.
 34079 | Abyss:1  | XOM: divination: magic mapping
 34088 | Abyss:1  | XOM: potion effect (experience)
 34088 | Abyss:1  | Reached XP level 17. HP: 114/172 MP: 4/6
 34094 | Abyss:1  | XOM: cast spell 'Summon Butterflies'
 34126 | Abyss:1  | XOM: enchant monster (good)
 34129 | Abyss:1  | XOM: fake destruction
 34151 | Abyss:1  | XOM: enchant monster (good)
 34152 | Abyss:1  | XOM: potion effect (brilliance)
 34159 | Abyss:1  | XOM: confuse monster(s)
 34173 | Abyss:1  | XOM: confuse monster(s)
 34178 | Abyss:1  | XOM: divination: magic mapping
 34180 | Abyss:1  | XOM: enchant monster (good)
 34187 | Abyss:1  | XOM: enchant monster (good)
 34204 | Abyss:1  | XOM: enchant monster (good)
 34209 | Abyss:1  | HP: 3/120 [hellion/burst of hellfire (17)]
 34212 | Abyss:1  | Killed from afar by a hellion

Action                   |  1- 3 |  4- 6 |  7- 9 | 10-12 | 13-15 | 16-18 || total
-------------------------+-------+-------+-------+-------+-------+-------++-------
Melee: Unarmed           |   116 |   149 |   348 |   534 |  1583 |   308 ||  3038
 Cast: Repel Missiles    |       |       |       |     2 |     5 |     2 ||     9
       Regeneration      |       |       |       |       |       |     1 ||     1
 Abil: Breathe Fire      |       |       |       |     3 |     1 |     2 ||     6
Evoke: Wand              |       |     1 |     2 |    10 |    34 |     3 ||    50
       Sack of spiders   |       |       |       |       |    10 |       ||    10
       Stone of tremors  |       |       |       |       |     3 |       ||     3
  Use: Scroll            |     3 |     7 |     1 |     8 |    12 |     2 ||    33
       Potion            |       |     8 |     6 |    13 |    20 |    10 ||    57
 Stab: Sleeping          |       |       |       |     2 |     1 |       ||     3
       Confused          |       |       |       |     1 |     3 |     4 ||     8
       Invisible         |       |       |       |     1 |     2 |       ||     3
       Distracted        |       |       |       |     1 |       |       ||     1
       Paralysed         |       |       |       |       |     2 |       ||     2
  Eat: Chunk             |    20 |    16 |    40 |    52 |   144 |    26 ||   298
       Fruit             |       |       |       |     5 |     9 |       ||    14
       Beef jerky        |       |       |       |       |     5 |       ||     5
       Pizza             |       |       |       |       |     2 |       ||     2
